PAA
CASPER GHOSTS @ ATLANTIC CITY SONICS
06/05/2034
 
TOP OF THE 1ST
Casper Ghosts batting - Pitching for Atlantic City Sonics : RHP Lincoln Spooner
Pitching: RHP Lincoln Spooner
Batting: LHB Ronald Anderson 0-0: Ball
1-0: Ball
2-0: Called Strike
2-1: Fly out, F7 (Line Drive, 7S)
Batting: RHB Armando Pacheco 0-0: Swinging Strike
0-1: Foul Ball, location: 2F
0-2: Ball
1-2: Strikes out swinging, 2-3 out at first.
Batting: LHB Marcus Shill 0-0: Called Strike
0-1: SINGLE (Groundball, 34D)
Batting: LHB Badry Maksimenov 0-0: Swinging Strike
0-1: Ball
1-1: Ball
2-1: Ground out 4-3 (Groundball, 4)
Top of the 1st over - 0 runs, 1 hit, 0 errors, 1 left on base; Casper 0 - Atlantic City 0
BOTTOM OF THE 1ST
Atlantic City Sonics batting - Pitching for Casper Ghosts : RHP Huibrecht Bik
Pitching: RHP Huibrecht Bik
Batting: LHB Xuan-ling Liao 0-0: Called Strike
0-1: Ball
1-1: Fly out, F8 (Line Drive, 8LD)
Batting: RHB John Willoughby 0-0: Fly out, F7 (Flyball, 78D)
Batting: RHB Dam Son 0-0: Ball
1-0: Ball
2-0: Ball
3-0: Called Strike
3-1: Fly out, F7 (Flyball, 78M)
Bottom of the 1st over - 0 runs, 0 hits, 0 errors, 0 left on base; Casper 0 - Atlantic City 0
TOP OF THE 2ND
Casper Ghosts batting - Pitching for Atlantic City Sonics : RHP Lincoln Spooner
Batting: RHB Jeff Mouton 0-0: Ball
1-0: Called Strike
1-1: Ground out 1-3 (Groundball, P)
Batting: RHB Jur Prokop 0-0: Ball
1-0: Fly out, F9 (Flyball, 89M)
Batting: RHB Steve Weber 0-0: Ball
1-0: SINGLE (Groundball, 5D)
Batting: RHB José Reyes 0-0: Called Strike
0-1: Ball
1-1: SINGLE (Line Drive, 78S)
Steve Weber to second
Runner from 2nd tries for 3rd, SAFE, no throw
Batting: RHB Tatsui Kiyomizu 0-0: Ball
1-0: Swinging Strike
1-1: Called Strike
1-2: SINGLE (Flyball, 8RS)
Steve Weber scores
José Reyes to second
Runner from 2nd tries for 3rd, SAFE, no throw
Batting: LHB Ronald Anderson 0-0: Ground out 4-3 (Groundball, 4)
Top of the 2nd over - 1 run, 3 hits, 0 errors, 2 left on base; Casper 1 - Atlantic City 0
BOTTOM OF THE 2ND
Atlantic City Sonics batting - Pitching for Casper Ghosts : RHP Huibrecht Bik
Batting: LHB Bryce Abood 0-0: Ground out 4-3 (Groundball, 4)
Batting: LHB Scotty Mitchell 0-0: Foul Ball, location: 2F
0-1: Ball
1-1: Ball
2-1: Swinging Strike
2-2: Foul Ball, location: 2F
2-2: Ball
3-2: SINGLE (Groundball, 6MD)
Batting: RHB Gary Jenkins 0-0: Ball
1-0: Ball
2-0: Grounds into double play, 6-4-3 (Groundball, 6)
Bottom of the 2nd over - 0 runs, 1 hit, 0 errors, 0 left on base; Casper 1 - Atlantic City 0
TOP OF THE 3RD
Casper Ghosts batting - Pitching for Atlantic City Sonics : RHP Lincoln Spooner
Batting: RHB Armando Pacheco 0-0: Ball
1-0: Ball
2-0: Swinging Strike
2-1: Foul Ball, location: 2F
2-2: Foul Ball, location: 2F
2-2: Ball
3-2: Strikes out swinging
Batting: LHB Marcus Shill 0-0: Called Strike
0-1: Called Strike
0-2: Foul Ball, location: 2F
0-2: Fly out, F7 (Flyball, 7LSF)
Batting: LHB Badry Maksimenov 0-0: Ball
1-0: Ball
2-0: Ball
3-0: Called Strike
3-1: Foul Ball, location: 2F
3-2: Fly out, F7 (Flyball, 7S)
Top of the 3rd over - 0 runs, 0 hits, 0 errors, 0 left on base; Casper 1 - Atlantic City 0
BOTTOM OF THE 3RD
Atlantic City Sonics batting - Pitching for Casper Ghosts : RHP Huibrecht Bik
Batting: LHB António Casas 0-0: Ball
1-0: Ball
2-0: Ball
3-0: Base on Balls
Batting: RHB Kendrick Drumgoole 0-0: Ball
1-0: Foul Ball, location: 2F
1-1: Fly out, F9 (Flyball, 89D)
Batting: RHB Toyozo Yamasaki 0-0: Ball
1-0: Swinging Strike
1-1: Ball
2-1: Foul Ball, location: 2F
2-2: Ball
3-2: Foul Ball, location: 2F
3-2: Ground out 3-1 (Groundball, 34S)
António Casas to second
Batting: LHB Xuan-ling Liao 0-0: Ball
1-0: Called Strike
1-1: Foul Ball, location: 2F
1-2: Ball
2-2: Foul Ball, location: 2F
2-2: SINGLE (Groundball, 56D)
António Casas to third
Runner from 3rd tries for Home, SAFE, no throw
Batting: RHB John Willoughby 0-0: Foul Ball, location: 2F
0-1: Swinging Strike
0-2: Ball
1-2: Ball
Pickoff Throw by Catcher to First - Error! E2
Xuan-ling Liao to second
2-2: Ground out 4-3 (Groundball, 4MS)
Bottom of the 3rd over - 1 run, 1 hit, 1 error, 1 left on base; Casper 1 - Atlantic City 1
TOP OF THE 4TH
Casper Ghosts batting - Pitching for Atlantic City Sonics : RHP Lincoln Spooner
Batting: RHB Jeff Mouton 0-0: Ball
1-0: Called Strike
1-1: Called Strike
1-2: Ground out 6-3 (Groundball, 6)
Batting: RHB Jur Prokop 0-0: Ball
1-0: Foul Ball, location: 2F
1-1: Ball
2-1: Swinging Strike
2-2: Ball
3-2: Foul Ball, location: 2F
3-2: Ground out 5-3 (Groundball, 56)
Batting: RHB Steve Weber 0-0: Called Strike
0-1: Ball
1-1: Swinging Strike
1-2: Strikes out looking
Top of the 4th over - 0 runs, 0 hits, 0 errors, 0 left on base; Casper 1 - Atlantic City 1
BOTTOM OF THE 4TH
Atlantic City Sonics batting - Pitching for Casper Ghosts : RHP Huibrecht Bik
Batting: RHB Dam Son 0-0: Ball
1-0: Ground out 6-3 (Groundball, 6M)
Batting: LHB Bryce Abood 0-0: Foul Ball, location: 2F
0-1: Ball
1-1: Ball
2-1: Ball
3-1: Base on Balls
Batting: LHB Scotty Mitchell 0-0: Ball
1-0: Ball
2-0: Called Strike
2-1: Foul Ball, location: 2F
2-2: Ball
3-2: Foul Ball, location: 2F
3-2: Grounds into double play, 6-4-3 (Groundball, 6)
Bottom of the 4th over - 0 runs, 0 hits, 0 errors, 0 left on base; Casper 1 - Atlantic City 1
TOP OF THE 5TH
Casper Ghosts batting - Pitching for Atlantic City Sonics : RHP Lincoln Spooner
Batting: RHB José Reyes 0-0: Called Strike
0-1: Swinging Strike
0-2: Strikes out swinging
Batting: RHB Tatsui Kiyomizu 0-0: Swinging Strike
0-1: Ball
1-1: Swinging Strike
1-2: Ball
2-2: Ball
3-2: DOUBLE (Groundball, 5L)
Batting: LHB Ronald Anderson 0-0: Intentional Walk
Batting: RHB Armando Pacheco 0-0: Ball
1-0: Ball
2-0: Ball
3-0: Base on Balls
Tatsui Kiyomizu to third
Ronald Anderson to second
Batting: LHB Marcus Shill 0-0: Ball
1-0: Ball
2-0: Foul Ball, location: 2F
2-1: SINGLE (Groundball, 34) (infield hit)
Tatsui Kiyomizu scores
Ronald Anderson to third
Armando Pacheco to second
Batting: LHB Badry Maksimenov 0-0: Ball
1-0: Ball
2-0: Fly out, F9 (Flyball, 89M)
Runner from 3rd tags up, SCORES, throw made
Batting: RHB Jeff Mouton 0-0: Fly out, F7 (Flyball, 78XD)
Top of the 5th over - 2 runs, 2 hits, 0 errors, 2 left on base; Casper 3 - Atlantic City 1
BOTTOM OF THE 5TH
Atlantic City Sonics batting - Pitching for Casper Ghosts : RHP Huibrecht Bik
Batting: RHB Gary Jenkins 0-0: Foul Ball, location: 2F
0-1: Swinging Strike
0-2: Foul Ball, location: 2F
0-2: Foul Ball, location: 2F
0-2: Strikes out looking
Batting: LHB António Casas 0-0: Ball
1-0: Ball
2-0: Called Strike
2-1: Swinging Strike
2-2: Fly out, F7 (Flyball, 7LSF)
Batting: RHB Kendrick Drumgoole 0-0: Ball
1-0: Foul Ball, location: 2F
1-1: Ground out 5-3 (Groundball, 5S)
Bottom of the 5th over - 0 runs, 0 hits, 0 errors, 0 left on base; Casper 3 - Atlantic City 1
TOP OF THE 6TH
Casper Ghosts batting - Pitching for Atlantic City Sonics : RHP Lincoln Spooner
Batting: RHB Jur Prokop 0-0: Foul Ball, location: 2F
0-1: Ball
1-1: Called Strike
1-2: SOLO HOME RUN (Flyball, 7D), Distance : 383 ft
Batting: RHB Steve Weber 0-0: Called Strike
0-1: Ball
1-1: Foul Ball, location: 2F
1-2: Foul Ball, location: 2F
1-2: Foul Ball, location: 2F
1-2: Foul Ball, location: 2F
1-2: Strikes out swinging
Batting: RHB José Reyes 0-0: Ball
1-0: Called Strike
1-1: Swinging Strike
1-2: Ground out 6-3 (Groundball, 6)
Batting: RHB Tatsui Kiyomizu 0-0: Called Strike
0-1: Called Strike
0-2: Ground out 5-3 (Groundball, 56)
Top of the 6th over - 1 run, 1 hit, 0 errors, 0 left on base; Casper 4 - Atlantic City 1
BOTTOM OF THE 6TH
Atlantic City Sonics batting - Pitching for Casper Ghosts : RHP Huibrecht Bik
Batting: RHB Toyozo Yamasaki 0-0: Ball
1-0: Foul Ball, location: 2F
1-1: Foul Ball, location: 2F
1-2: Foul Ball, location: 2F
1-2: Fly out, F9 (Line Drive, 9)
Batting: LHB Xuan-ling Liao 0-0: Ball
1-0: Called Strike
1-1: SINGLE (Groundball, 6) (infield hit)
Pitching: LHP Geoffroy Cadaloba
Batting: RHB John Willoughby 0-0: Swinging Strike
0-1: Swinging Strike
0-2: Foul Ball, location: 2F
0-2: Ball
1-2: Fly out, F7 (Flyball, 78D)
Batting: RHB Dam Son 0-0: Ball
1-0: Foul Ball, location: 2F
1-1: Ball
2-1: Ball
3-1: Ground out 5-3 (Groundball, 56S)
Bottom of the 6th over - 0 runs, 1 hit, 0 errors, 1 left on base; Casper 4 - Atlantic City 1
TOP OF THE 7TH
Casper Ghosts batting - Pitching for Atlantic City Sonics : RHP Lincoln Spooner
Batting: LHB Ronald Anderson 0-0: Ball
1-0: Called Strike
1-1: Ball
2-1: Ground out 6-3 (Groundball, 6MD)
Batting: RHB Armando Pacheco 0-0: Ball
1-0: Fly out, F3 (Popup, 3SF)
Batting: LHB Marcus Shill 0-0: Fly out, F4 (Flyball, 4D)
Top of the 7th over - 0 runs, 0 hits, 0 errors, 0 left on base; Casper 4 - Atlantic City 1
BOTTOM OF THE 7TH
Atlantic City Sonics batting - Pitching for Casper Ghosts : LHP Geoffroy Cadaloba
Batting: LHB Bryce Abood 0-0: SINGLE (Line Drive, 7S)
Batting: LHB Scotty Mitchell 0-0: Foul Ball, location: 2F
0-1: Called Strike
0-2: Ball
1-2: Foul Ball, location: 2F
1-2: Fly out, F8 (Flyball, 8LM)
Batting: RHB Gary Jenkins 0-0: Called Strike
0-1: Ball
1-1: Called Strike
1-2: Ball
2-2: Grounds into double play, 5-4-3 (Groundball, 5)
Bottom of the 7th over - 0 runs, 1 hit, 0 errors, 0 left on base; Casper 4 - Atlantic City 1
TOP OF THE 8TH
Casper Ghosts batting - Pitching for Atlantic City Sonics : RHP Lincoln Spooner
Batting: LHB Badry Maksimenov 0-0: Called Strike
0-1: Ball
1-1: Ball
2-1: Ball
3-1: DOUBLE (Line Drive, 78XD)
Batting: RHB Jeff Mouton 0-0: Intentional Walk
Batting: RHB Jur Prokop 0-0: Sac Bunt - play at first, batter OUT! 3-4
Badry Maksimenov to third
Jeff Mouton to second
Batting: RHB Steve Weber 0-0: Intentional Walk
Pinch Hitting: RHB Adrijan Markovski 0-0: GRAND SLAM HOME RUN (Flyball, 9D), Distance : 359 ft
Batting: RHB Tatsui Kiyomizu 0-0: Ball
1-0: Ball
2-0: Ground out 5-3 (Groundball, 56)
Batting: LHB Ronald Anderson 0-0: Ball
1-0: DOUBLE (Line Drive, 7LM)
Pitching: RHP Alfredo Franco
Batting: RHB Armando Pacheco 0-0: Swinging Strike
0-1: Called Strike
0-2: Ball
1-2: SINGLE (Groundball, 34S) (infield hit)
Ronald Anderson to third
Batting: LHB Marcus Shill 0-0: SINGLE (Line Drive, 6M)
Ronald Anderson scores
Armando Pacheco to second
Pinch Hitting: SHB Paco Ríos 0-0: Called Strike
0-1: Called Strike
0-2: Ball
1-2: Ball
2-2: Ball
3-2: Strikes out swinging
Top of the 8th over - 5 runs, 5 hits, 0 errors, 2 left on base; Casper 9 - Atlantic City 1
BOTTOM OF THE 8TH
Atlantic City Sonics batting - Pitching for Casper Ghosts : LHP Geoffroy Cadaloba
Now at 3B: Vilhelm Loyen
Now at SS: Paco Ríos
Batting: LHB António Casas 0-0: Ball
1-0: Ball
2-0: Ball
3-0: Foul Ball, location: 2F
3-1: Swinging Strike
3-2: Strikes out swinging
Batting: RHB Kendrick Drumgoole 0-0: Called Strike
0-1: Ball
1-1: TRIPLE (Flyball, 8RXD)
Batting: RHB Toyozo Yamasaki 0-0: Ball
1-0: Ball
2-0: Ball
3-0: Called Strike
3-1: Ground out 4-3 (Groundball, 4)
Kendrick Drumgoole scores
Batting: LHB Xuan-ling Liao 0-0: Ground out 6-3 (Groundball, 6)
Bottom of the 8th over - 1 run, 1 hit, 0 errors, 0 left on base; Casper 9 - Atlantic City 2
TOP OF THE 9TH
Casper Ghosts batting - Pitching for Atlantic City Sonics : RHP Alfredo Franco
Batting: RHB Jeff Mouton 0-0: Ball
1-0: Called Strike
1-1: Ground out 5-3 (Groundball, 56)
Batting: RHB Jur Prokop 0-0: Foul Ball, location: 2F
0-1: Ball
1-1: Ball
2-1: Ground out 1-3 (Groundball, 13)
Batting: RHB Steve Weber 0-0: Called Strike
0-1: Called Strike
0-2: Fly out, F7 (Line Drive, 7D)
Top of the 9th over - 0 runs, 0 hits, 0 errors, 0 left on base; Casper 9 - Atlantic City 2
BOTTOM OF THE 9TH
Atlantic City Sonics batting - Pitching for Casper Ghosts : LHP Geoffroy Cadaloba
Batting: RHB John Willoughby 0-0: Foul Ball, location: 2F
0-1: Swinging Strike
0-2: Ball
1-2: SINGLE (Groundball, 56D)
Batting: RHB Dam Son 0-0: Ball
1-0: Ball
2-0: Ball
3-0: Called Strike
3-1: Called Strike
3-2: TRIPLE (Flyball, 89XD)
John Willoughby scores
Batting: LHB Bryce Abood 0-0: Called Strike
0-1: Ball
1-1: Swinging Strike
1-2: Strikes out swinging
Batting: LHB Scotty Mitchell 0-0: Ball
1-0: Foul Ball, location: 2F
1-1: SINGLE (Groundball, 56D)
Dam Son scores
Batting: RHB Gary Jenkins 0-0: Ball
1-0: Ball
2-0: Ground out 5-3 (Groundball, 56S)
Scotty Mitchell to second
Batting: LHB António Casas 0-0: Fly out, F9 (Flyball, 89M)
Bottom of the 9th over - 2 runs, 3 hits, 0 errors, 1 left on base; Casper 9 - Atlantic City 4
Friday, March 29th, 2019 - OOTP Baseball 18.8 Build 76